 Dungeon Crawl Stone Soup version 0.20-a0-208-g55166f7 (webtiles) character file.

566 Jmtri7 the Slasher (level 7, 25/50 HPs)
             Began as a Demonspawn Gladiator on Aug 24, 2016.
             Quit the game on level 5 of the Dungeon on Nov 25, 2016.
             The game lasted 00:09:28 (3727 turns).

Jmtri7 the Slasher (Demonspawn Gladiator)           Turns: 3727, Time: 00:09:28

Health: 25/50      AC:  6    Str: 15    XL:     7   Next: 10%
Magic:  7/7        EV: 17    Int:  9    God:
Gold:   170        SH:  0    Dex: 16    Spells: 6/6 levels left

rFire  . . .     SeeInvis .     a - +0 long sword
rCold  . . .     Gourm    .     b - +0 robe
rNeg   . . .     Faith    +     (no shield)
rPois  .         Spirit   .     o - +2 helmet
rElec  .         Reflect  .     p - +0 cloak
rCorr  .         Harm     .     (no gloves)
MR     .....                    (no boots)
Stlth  +.........               h - amulet of faith
                                (no ring)
                                (no ring)

@: no status effects
A: talons 1, repulsion field 1, spiny 2
a: no special abilities


You were on level 5 of the Dungeon.
You were hungry.

You visited 1 branch of the dungeon, and saw 5 of its levels.

You collected 170 gold pieces.

Inventory:

Hand Weapons
 a - a +0 long sword (weapon)
Missiles
 d - 4 throwing nets (quivered)
Armour
 b - a +0 robe (worn)
 o - a +2 helmet (worn)
 p - a +0 cloak (worn)
Jewellery
 h - an amulet of faith (around neck)
Wands
 q - a wand of slowing (19/48)
 u - a wand of teleportation (6/9)
Scrolls
 c - a scroll of immolation {unknown}
 e - 4 scrolls of identify {unknown}
 j - 4 scrolls of amnesia {unknown}
 k - 2 scrolls of teleportation {unknown}
 m - a scroll of recharging {unknown}
 t - a scroll of enchant armour {unknown}
Potions
 g - 4 potions of curing {unknown}
 i - a potion of beneficial mutation {unknown}
 l - a potion of might {unknown}
 n - a potion of haste {unknown}
Comestibles
 f - 6 bread rations
 r - 5 fruits


   Skills:
 - Level 2.0 Fighting
 - Level 6.5 Long Blades
 - Level 1.7 Throwing
 * Level 4.4 Dodging


You had 6 spell levels left.
You didn't know any spells.

Dungeon Overview and Level Annotations

Branches:
Dungeon (5/15)
 Temple: D:4-7

Altars:
Cheibriados
Sif Muna
Uskayaw


Innate Abilities, Weirdness & Mutations

You have sharp toenails.
You are surrounded by a mild repulsion field. (EV +2)
You are mostly covered in sharp spines.


Message History

The gnoll is heavily wounded.
The gnoll is struck by your spines.
You kill the gnoll!
Things that are here:
a spear; a gnoll corpse Unknown command.
Welcome back, Jmtri7 the Demonspawn Gladiator.
Press ? for a list of commands and other information.
Unknown command.
Unknown command.
Okay, then.
Unknown command.
Sorry, you're not good enough to have a special ability.
Found a beef jerky.
Unknown command.
Are you sure you want to abandon this character and quit the game? (Confirm with "yes".)
Okay, then.
Unknown command.
Okay, then.
Are you sure you want to abandon this character and quit the game? (Confirm with "yes".)

# .. ## #. .#
#####. #.#
......##.#
..........#
....%...#.#
#.....@#.#####
####.#........
#####.#.##.#######
......%...).......
#####.#.##).######
#.$.)...##
#........#
#......#.#
#......#.#


There were no monsters in sight!

Vanquished Creatures
  A phantom (D:4)
  A bullfrog (D:5)
  A scorpion (D:4)
  A crimson imp (D:5)
  2 hounds
  3 orc wizards (D:4)
  Terence (D:3)
  A worker ant (D:4)
  Robin (D:2)
  5 gnolls
  2 adders (D:4)
  An adder skeleton (D:4)
  A leopard gecko (D:1)
  6 orcs (D:4)
  A bat (D:2)
  2 giant cockroaches
  5 hobgoblins
  8 jackals
  6 kobolds
  A quokka (D:3)
  12 goblins
  A quokka skeleton (D:4)
  3 rats (D:1)
66 creatures vanquished.

Notes
Turn   | Place    | Note
-------+----------+-------------------------------------------
     0 | D:1      | Jmtri7 the Demonspawn Gladiator began the quest for the Orb.
     0 | D:1      | Reached XP level 1. HP: 16/16 MP: 1/1
   144 | D:1      | Reached skill level 3 in Long Blades
   191 | D:1      | Gained mutation: You are partially covered in sharp spines. [demonic ancestry]
   191 | D:1      | Reached XP level 2. HP: 9/22 MP: 2/2
   773 | D:2      | Noticed Robin
  1019 | D:1      | Gained mutation: You are surrounded by a mild repulsion field. (EV +2) [demonic ancestry]
  1019 | D:1      | Reached XP level 3. HP: 19/27 MP: 3/3
  1069 | D:2      | Killed Robin
  1069 | D:2      | Reached skill level 4 in Long Blades
  1113 | D:2      | Noticed Terence
  1152 | D:3      | Killed Terence
  1152 | D:3      | Gained mutation: You are mostly covered in sharp spines. [demonic ancestry]
  1152 | D:3      | Reached XP level 4. HP: 4/33 MP: 4/4
  1387 | D:3      | Found a hide-covered altar of Uskayaw.
  1388 | D:3      | Noticed a hand axe
  1388 | D:3      | Noticed a hand axe
  1604 | D:3      | Found a snail-covered altar of Cheibriados.
  2230 | D:4      | Reached skill level 5 in Long Blades
  2358 | D:4      | Reached XP level 5. HP: 36/38 MP: 5/5
  2452 | D:4      | Noticed a phantom
  2520 | D:4      | Killed a phantom
  2520 | D:4      | Reached skill level 6 in Long Blades
  2538 | D:4      | Reached XP level 6. HP: 12/44 MP: 6/6
  3016 | D:4      | Found a deep blue altar of Sif Muna.
  3580 | D:5      | Entered Level 5 of the Dungeon
  3709 | D:5      | Gained mutation: You have sharp toenails. [demonic ancestry]
  3709 | D:5      | Reached XP level 7. HP: 42/50 MP: 7/7
  3721 | D:5      | Upgraded the game from 0.19-a0-1224-g978f909 to 0.20-a0-208-g55166f7
  3727 | D:5      | Quit the game

Vault maps used:
D:1:      saegor_arrival_simple_f
D:2:      minmay_curled_crystal, bloody_makhleb, uniq_robin, uniq_terence
D:3:      cheibriados_altar_wand_db, dancing_weapons_uskayaw, dk_noncrumbling_4,
          minmay_misc_feat_alley
D:4:      first_bread, tgw_sif
D:5:      lemuel_round_altar, uniq_prince_ribbit1

Skill      XL: |  1  2  3  4  5  6 |
---------------+-------------------+-----
Long Blades    | 3 4 5 6 |  6.5
Dodging        | 4 |  4.4
Fighting       | |  2.0
Throwing       | |  1.7

Action                   |  1- 3 |  4- 6 |  7- 9 || total
-------------------------+-------+-------+-------++-------
Melee: Long sword        |    91 |   121 |     7 ||   219
 Stab: Sleeping          |       |     2 |       ||     2
  Eat: Chunk             |     1 |     7 |       ||     8
Armor: Leather armour    |    12 |       |       ||    12
       Animal skin       |     2 |       |       ||     2
       Robe              |       |    17 |     1 ||    18
Dodge: Dodged            |    47 |    54 |     2 ||   103
